AoeStats
← weiln

Arena

506835032Analyzed
2v2 RM · 18d ago on Sep 15, 2026· 30m 54s· 4 players
Game mode
Random Map
Map size
Medium (4 player)
Population
200
Speed
Normal
Resources
Standard
Victory
Conquest
Starting age
Dark Age
Ending age
Imperial Age
RankedLock teamsTeams togetherTeam positionsShared explorationLock speedFull tech treeHidden civsTurbo modeCheats
Victory
Defeat
🇸🇻 Japanese · El Salvador
1153
+15
🇬🇧 Burgundians · United Kingdom
1146
+15
🇨🇳 Burgundians · China
1139
-15
🇨🇳 Bohemians · China
1126
-15
76561198443206480
10:34 Feudal Age
14:58 Castle Age
13:00 Double-Bit Axe
12:57 Horse Collar
19:08 Loom
28:40 Murder Holes
28:47 Fletching
28:55 Crossbowman
30:12 Bodkin Arrow
weiln
3:20 Double-Bit Axe
8:44 Horse Collar
11:08 Feudal Age
12:39 Bow Saw
14:54 Castle Age
14:02 Heavy Plow
16:51 Two-Man Saw
17:07 Wheelbarrow
20:31 Loom
21:46 Hand Cart
Pino
10:58 Feudal Age
15:21 Castle Age
14:03 Double-Bit Axe
14:02 Horse Collar
15:48 Scale Mail Armor
16:25 Gold Mining
18:04 Wheelbarrow
26:14 Loom
26:38 Light Cavalry
28:05 Scale Barding Armor
27:54 Fletching
_Elite_
10:45 Feudal Age
15:07 Castle Age
13:09 Horse Collar
13:17 Double-Bit Axe
18:06 Scale Mail Armor
18:28 Gold Mining
22:01 Scale Barding Armor
22:14 Chain Mail Armor
22:10 Forging
27:26 Squires
27:11 Arson
27:42 Gambesons
29:25 Bow Saw
30:44 Iron Casting
Connection lost

Rejoining the realm…

Still unreachable

The connection could not be restored.

Session expired

The server has moved on; the page needs a fresh start.